 Dungeon Crawl Stone Soup version 0.32-a0-656-g3542139ebd (webtiles) character file.

Game seed: 7781457095306310289

635956 Implojin the Acrobat (level 27, 0/205 HPs)
             Began as a Coglin Delver on Mar 8, 2024.
             Was the Champion of Wu Jian.
             Killed from afar by a black draconian knight (28 damage)
             ... with a shard of ice
             ... led by a black draconian knight
             ... on level 4 of the Realm of Zot.
             The game lasted 02:46:26 (66950 turns).

Implojin the Acrobat (Coglin Delver)               Turns: 66950, Time: 02:46:27

Health: 0/205      AC: 23    Str: 19    XL:     27
Magic:  14/14      EV: 45    Int: 11    God:    Wu Jian [******]
Gold:   7039       SH:  0    Dex: 27    Spells: 26/26 levels left

rFire   + + +        r - +11 rapier of Diet Blood {speed, Int+7}
rCold   + + +        A - +7 captain's cutlass {speed, disarm}
rNeg    . . .        K - +5 ring mail "Xablaq" {rPois rC+ Will+ MP-9}
rPois   +            M - +2 helmet {SInv}
rElec   +            T - scarf {rC+ rF+}
rCorr   +            x - +1 pair of gloves "Qimu" {Str+3}
SInv    +            O - +0 pair of boots of the Pirate {rPois rF+ Int-5}
Will    +++..        (amulet unavailable)
Stlth   +++          (ring unavailable)
HPRegen 0.54/turn    (ring unavailable)
MPRegen 0.14/turn    H - dynamic module {Rampage Acrobat rPois rCorr Slay+3}

%: acrobat, rampage
@: resistant, in a heavenly storm, glowing, studying 2 skills, revved
A: off-hand wielding, slow wielding, warmup strikes, no jewellery, frail 1
}: 5/15 runes: serpentine, barnacled, slimy, silver, abyssal
a: Renounce Religion, Wall Jump, Serpent's Lash, Heavenly Storm


You were on level 4 of the Realm of Zot.
You worshipped Wu Jian.
Wu Jian was exalted by your worship.
You visited 11 branches of the dungeon, and saw 53 of its levels.
You visited the Abyss 1 time.
You also visited: Gauntlet.

You collected 7941 gold pieces.
You spent 902 gold pieces at shops.

Inventory:

Hand Weapons
 f - a +9 antimagic quick blade {Ximena}
 r - the +11 rapier of Diet Blood (weapon) {speed, Int+7}
   (You acquired it on level 4 of the Depths)

   Int+7:     It affects your intelligence (+7).
 A - the +7 captain's cutlass (offhand) {speed, disarm}
   (You found it on level 5 of the Pits of Slime)
 C - the +9 rapier of Wondrous Power {venom, rElec rC+ rCorr}
   (You acquired it on level 4 of the Lair of Beasts)

   rC+:       It protects you from cold.
   rElec:     It insulates you from electricity.
   rCorr:     It protects you from acid and corrosion.
Missiles
 B - 65 boomerangs
 L - 24 atropa-tipped darts
 R - 2 throwing nets (quivered)
 Z - 18 curare-tipped darts
Armour
 x - the +1 pair of gloves "Qimu" (worn) {Str+3}
   (You bought it in a shop on level 2 of the Orcish Mines)

   Str+3:     It affects your strength (+3).
 z - the +2 cloak of Joy {Dex+3 Slay+3}
   (You found it on level 14 of the Dungeon)

   Dex+3:     It affects your dexterity (+3).
   Slay+3:    It affects your accuracy & damage with ranged weapons and melee
   (+3).
 D - the +1 cloak "Inupof" {+Blink rC++}
   (You found it on level 5 of the Vaults)

   rC++:      It greatly protects you from cold.
   +Blink:    It lets you blink.
 F - a +3 scale mail of fire resistance
 K - the +5 ring mail "Xablaq" (worn) {rPois rC+ Will+ MP-9}
   (You found it on level 10 of the Dungeon)

   rC+:       It protects you from cold.
   rPois:     It protects you from poison.
   Will+:     It increases your willpower.
   MP-9:      It affects your magic capacity (-9).
 M - a +2 helmet of see invisible (worn)
 N - a +0 pair of gloves of infusion
 O - the +0 pair of boots of the Pirate (worn) {rPois rF+ Int-5}
   (You found it on level 2 of the Shoals)

   Int-5:     It affects your intelligence (-5).
   rF+:       It protects you from fire.
   rPois:     It protects you from poison.
 T - a scarf of resistance (worn)
 W - the +5 moon troll leather armour {Spirit, Regen++ MP+5}
   (You found it on level 5 of the Pits of Slime)

   MP+5:      It affects your magic capacity (+5).
   Regen++:   It increases your rate of health regeneration.
Gizmo
 H - a dynamic module (installed) {Rampage Acrobat rPois rCorr Slay+3}
   (You invented it yourself on level 4 of the Lair of Beasts)

   [dynamic module]

   Slay+3:    It affects your accuracy & damage with ranged weapons and melee
   (+3).
   rPois:     It protects you from poison.
   rCorr:     It protects you from acid and corrosion.
   Rampage:   It bestows one free step when moving towards enemies.
   Acrobat:   It increases your evasion after moving or waiting.
Wands
 g - a wand of digging (19)
 t - a wand of warping (49)
 v - a wand of light (14)
 w - a wand of mindburst (39)
 I - a wand of paralysis (59)
Scrolls
 b - 15 scrolls of teleportation
 c - 7 scrolls of fog
 d - 6 scrolls of silence
 h - 4 scrolls of revelation
 i - a scroll of summoning
 k - 9 scrolls of immolation
 q - 2 scrolls of vulnerability
 s - 6 scrolls of enchant weapon
 y - 5 scrolls of brand weapon
 E - 6 scrolls of fear
 V - 6 scrolls of enchant armour
 Y - 4 scrolls of blinking
Potions
 a - 2 potions of haste
 e - 3 potions of heal wounds
 j - 14 potions of curing
 l - a potion of enlightenment
 n - 4 potions of invisibility
 o - 3 potions of might
 p - a potion of resistance
 u - 5 potions of magic
 P - 3 potions of cancellation
 Q - 5 potions of mutation
 S - 2 potions of berserk rage
 X - a potion of attraction
Miscellaneous
 m - a lightning rod (4/4)
 G - a phial of floods
 J - a phantom mirror
 U - a box of beasts


   Skills:
 - Level 21.0 Fighting
 - Level 18.6 Short Blades
 - Level 8.0 Throwing
 * Level 21.3 Armour
 - Level 25.0 Dodging
 - Level 14.0 Stealth
 - Level 8.0 Evocations


You had 26 spell levels left.
You didn't know any spells.
Your spell library contained the following spells:

 Spells                   Type           Power      Damage    Failure   Level
 Apportation              Tloc           0%         N/A       43%         1
 Magic Dart               Conj           0%         1d3       43%         1
 Sting                    Conj/Alch      0%         1d3       43%         1
 Blink                    Tloc           0%         N/A       56%         2
 Call Imp                 Summ           0%         N/A       56%         2
 Ensorcelled Hibernation  Hex/Ice        0%         N/A       56%         2
 Jinxbite                 Hex            0%         N/A       56%         2
 Lesser Beckoning         Tloc           0%         N/A       56%         2
 Mercury Vapours          Alch/Air       0%         N/A       56%         2
 Momentum Strike          Conj/Tloc      0%         3d8       56%         2
 Searing Ray              Conj           0%         2d4       56%         2
 Static Discharge         Conj/Air       0%         3-3/arc   56%         2
 Sublimation of Blood     Necr           0%         N/A       56%         2
 Fugue of the Fallen      Necr           0%         N/A       80%         3
 Gell's Gravitas          Tloc           0%         N/A       80%         3
 Inner Flame              Hex/Fire       0%         N/A       80%         3
 Mephitic Cloud           Conj/Alch/Air  0%         N/A       80%         3
 Passwall                 Erth           0%         N/A       80%         3
 Swiftness                Air            0%         N/A       80%         3
 Teleport Other           Tloc           0%         N/A       80%         3
 Tukima's Dance           Hex            0%         N/A       80%         3
 Volatile Blastmotes      Fire/Tloc      0%         2d10      80%         3
 Anguish                  Hex/Necr       0%         N/A       99%         4
 Animate Dead             Necr           0%         N/A       99%         4
 Brom's Barrelling Bould  Conj/Erth      0%         2d3       99%         4
 Cause Fear               Hex            0%         N/A       99%         4
 Fulminant Prism          Conj/Alch      0%         3d5       99%         4
 Ignite Poison            Fire/Alch      0%         N/A       99%         4
 Leda's Liquefaction      Alch/Erth      0%         N/A       99%         4
 Manifold Assault         Tloc           0%         N/A       99%         4
 Olgreb's Toxic Radiance  Alch           0%         N/A       99%         4
 Passage of Golubria      Tloc           0%         N/A       99%         4
 Petrify                  Alch/Erth      0%         N/A       99%         4
 Summon Blazeheart Golem  Fire/Summ      0%         N/A       99%         4
 Summon Lightning Spire   Summ/Air       0%         N/A       99%         4
 Vhi's Electric Charge    Tloc/Air       0%         N/A       99%         4
 Alistair's Intoxication  Alch           0%         N/A       100%        5
 Arcjolt                  Conj/Air       0%         1d10      100%        5
 Borgnjor's Vile Clutch   Necr/Erth      0%         N/A       100%        5
 Fireball                 Conj/Fire      0%         3d3       100%        5
 Freezing Cloud           Conj/Ice/Air   0%         6-21      100%        5
 Irradiate                Conj/Alch      0%         3d11      100%        5
 Summon Forest            Summ/Tloc      0%         N/A       100%        5
 Summon Mana Viper        Hex/Summ       0%         N/A       100%        5
 Yara's Violent Unravell  Hex/Alch       0%         3d3       100%        5
 Death Channel            Necr           0%         N/A       100%        6
 Dispersal                Tloc           0%         N/A       100%        6
 Eringya's Noxious Bog    Alch           0%         4d6       100%        6
 Plasma Beam              Fire/Air       0%         2x1d10    100%        6
 Sculpt Simulacrum        Ice/Alch       0%         N/A       100%        6
 Starburst                Conj/Fire      0%         6d3       100%        6
 Summon Cactus Giant      Summ           0%         N/A       100%        6
 Enfeeble                 Hex            0%         N/A       100%        7
 Ozocubu's Refrigeration  Ice            0%         4d7       100%        7
 Summon Hydra             Summ           0%         N/A       100%        7
 Disjunction              Tloc           0%         N/A       100%        8
 Lehudib's Crystal Spear  Conj/Erth      0%         10d2      100%        8
 Maxwell's Capacitive Co  Air            0%         ∞         100%        8
 Chain Lightning          Conj/Air       0%         N/A       100%        9
 Fire Storm               Conj/Fire      0%         5d1       100%        9
 Polar Vortex             Ice            0%         N/A       100%        9
 Shatter                  Erth           0%         3d5*      100%        9


Dungeon Overview and Level Annotations

Branches:
Dungeon (15/15)            Temple (1/1) D:4            Lair (5/5) D:10
 Shoals (4/4) Lair:2        Snake (4/4) Lair:3        Slime (5/5) Lair:4
    Orc (2/2) D:10            Elf (3/3) Orc:2        Vaults (5/5) D:14
  Crypt (0/3) Vaults:3     Depths (4/4) D:15            Zot (5/5) Depths:4
Gauntlet (visited)

Altars:
Ashenzari
Cheibriados
Dithmenos
Elyvilon
Fedhas
Gozag
Hepliaklqana
Kikubaaqudgha
Makhleb
Nemelex Xobeh
Okawaru
Qazlal
Ru
Sif Muna
Trog
Uskayaw
Vehumet
Wu Jian
Xom
Yredelemnul
Zin
The Shining One
Beogh
Jiyva
Lugonu

Shops:
D:1 ?   D:9 =   D:14 [   D:15 [[[   Orc:2 ?[**[[   Elf:3 *[*(=   Shoals:2 !
Shoals:3 =   Snake:1 [   Vaults:1 *   Vaults:2 [

Portals:
Hell: Depths:1 Depths:2 Depths:3 Depths:4
Abyss: Lair:5 Depths:2 Depths:3
Pandemonium: Depths:1 Depths:2
Ziggurat: Depths:3

Annotations:
D:15 3 runed translucent doors
Zot:4 1 runed translucent door, exclusion: door, Qephaces's ghost, veteran GnGl


Innate Abilities, Weirdness & Mutations

You can wield a second weapon in your off-hand.
It takes a long time for you to wield or remove held weapons.
Your first few attacks do less damage.
You cannot equip rings or amulets.
You are frail. (-10% HP)


Message History

You puncture the purple draconian shifter with the +11 rapier of Diet Blood!
The black draconian knight hits you with a +2 great mace of protection!
* * * LOW HITPOINT WARNING * * *
You impale the purple draconian shifter with the +11 rapier of Diet Blood!!
The purple draconian shifter is almost dead.
You puncture the purple draconian shifter with the +7 captain's cutlass!
You kill the purple draconian shifter!
The Council accepts your kill.
You spin and attack the black draconian knight repeatedly.
You puncture the black draconian knight with the +7 captain's cutlass!
The black draconian knight is heavily wounded.
You hit the black draconian knight with the +11 rapier of Diet Blood. x2
The black draconian knight is severely wounded.
You hit the black draconian knight but do no damage. x2
The black draconian knight is severely wounded.
You hit the black draconian knight with the +7 captain's cutlass.
The black draconian knight hits you with a +2 great mace of protection!!
* * * LOW HITPOINT WARNING * * *
The black draconian knight completely misses you.
Things that are here:
a +0 short sword; a +1 cloak You puncture the black draconian knight with the +7 captain's cutlass!
The black draconian knight is severely wounded.
You impale the black draconian knight with the +11 rapier of Diet Blood!!
You hit the black draconian knight but do no damage.
The black draconian knight is almost dead.
You puncture the black draconian knight with the +11 rapier of Diet Blood!
The black draconian knight breathes lightning at you.
The bolt of lightning misses you.
You hit the black draconian knight but do no damage.
The black draconian knight is almost dead.
You completely miss the black draconian knight with the +11 rapier of Diet Blood.
Throw: 3 throwing nets
Press: ? - help, Q - select action, (/) - cycle Shift-Dir - straight line, f - black draconian knight
Aim: a black draconian knight, wielding a +2 great mace of protection and wearing a +0 cloak (golden dust, almost dead, fast, slightly transparent, haloed, 85% to hit)
You throw a throwing net.
The throwing net barely misses the black draconian knight.
The black draconian knight casts a spell at you.
The shard of ice hits you!! You partially resist.
You die...

# #?..#.....#...##........#
#...##..>......#........#
######.........#...[.####
#.........#.......#
####.....##.......#
##.....#.......# #°☼☼○.........#
#○°○○...".....# # #☼@°☼.......###
## ###q°○.......# .#######
#.○☼°§#......# ..##...#
#............## )......#
#.............### ...>...#
####...#........#### .....###
#....##............
...[..#########<..###............
..............#...###....#.......


You could see a black draconian knight (fast, invisible).

Vanquished Creatures
  the Royal Jelly (Slime:5)
  2 orbs of fire
  A dread lich (Vaults:5)
  An ancient lich (Depths:4)
  Sojobo (Depths:2)
  Bai Suzhen (Depths:2)
  Vashnia (Snake:3)
  Saint Roka (Orc:2)
  2 curse toes
  The ghost of Isotadock the Victor of a Thousand Battles, a veteran GnWn of Okawaru (Depths:4)
  Norris (Elf:1)
  5 golden dragons
  Jory (Depths:4)
  2 doom hounds (Zot:2)
  A hellephant (Abyss:3)
  2 electric golems
  15 tentacled monstrosities
  Zenata (Vaults:1)
  Mlioglotl (Snake:1)
  4 liches
  Jorgrun (Elf:2)
  A walking frostbound tome (Depths:3)
  6 quicksilver dragons
  2 titans
  Grunn (Zot:2)
  2 deep elf master archers (Elf:3)
  5 deep elf blademasters
  6 sphinxes
  The ghost of Xedevy the Bewitcher, an adept KoEn of Dithmenos (Vaults:3)
  17 acid blobs
  7 death cobs
  Polyphemus (Shoals:4)
  15 shadow dragons
  10 tengu reavers
  2 tentacled starspawn (Abyss:3)
  18 storm dragons
  Donald (Elf:1)
  Aizul (Snake:2)
  2 protean progenitors
  Roxanne (Elf:1)
  7 nagarajas
  9 azure jellies
  4 fire giants
  13 rockslimes
  6 draconian monks
  13 deep elf sorcerers
  4 draconian knights
  A balrug (Depths:4)
  10 frost giants
  A ghost moth (Zot:1)
  2 draconian scorchers
  3 iron dragons
  18 vault wardens
  7 draconian shifters
  An angel (Vaults:1)
  A spectral caustic shrike (Depths:4)
  4 deep elf elementalists (Elf:3)
  A broodmother (Zot:1)
  A ghoul (Vaults:3)
  6 orc warlords
  13 draconian annihilators
  3 draconian stormcallers
  13 quicksilver oozes
  4 formless jellyfish
  15 ironbound preservers
  5 vampire knights
  19 very ugly things
  12 green draconians
  19 stone giants
  9 purple draconians
  6 ironbound thunderhulks
  10 deep elf death magi
  7 black draconians
  7 deep elf demonologists
  A minotaur (Gauntlet)
  12 deep elf annihilators
  11 dire elephants
  A spectral titan (Depths:4)
  14 yellow draconians
  8 white draconians
  5 war gargoyles
  7 red draconians
  6 spark wasps
  Snorg (D:14)
  5 merfolk javelineers
  19 ettins
  2 crystal guardians
  A jiangshi (Vaults:3)
  A spectral golden dragon (Depths:4)
  7 fire dragons
  10 merfolk impalers
  3 great orbs of eyes
  Harold (D:10)
  2 entropy weavers
  11 deep elf high priests
  12 hydras
  4 rakshasas (Depths:1)
  5 salamander tyrants
  4 peacekeepers
  35 vault guards
  19 yaktaur captains
  2 alligator snapping turtles (Shoals:4)
  A catoblepas (Shoals:4)
  2 merfolk avatars
  Erica (Lair:1)
  16 ice dragons
  18 ironbound frosthearts
  5 spriggan air magi
  24 centaur warriors
  A juggernaut simulacrum (Depths:4)
  2 ogre magi
  8 boulder beetles
  7 satyrs
  A death knight (D:14)
  26 dancing weapons
  6 tengu warriors
  7 anacondas (Snake:1)
  3 two-headed ogres
  3 thrashing horrors
  The ghost of madasgardian the Fighter, a novice CoAr of Okawaru (D:10)
  5 orc high priests
  2 vampire magi
  8 death yaks
  4 merfolk aquamancers
  15 naga sharpshooters
  2 spriggan berserkers
  4 deep troll shamans (Depths:4)
  An occultist (Depths:2)
  Urug (D:11)
  6 deep troll earth magi
  2 soul eaters
  6 shock serpents
  A sun demon (Depths:3)
  Nergalle (Orc:1)
  11 hell knights
  4 skysharks
  14 naga warriors
  25 deep elf knights
  Sonja (Lair:5)
  Lodul (D:10)
  6 iron trolls
  9 salamander mystics
  17 sea snakes
  3 wretched stars
  43 deep trolls
  6 large abominations
  8 skeletal warriors
  3 flayed ghosts
  3 glowing orange brains
  2 naga ritualists (Snake:4)
  A mana viper (shapeshifter) (Vaults:5)
  4 thermic dynamos
  5 arcanists
  A swamp dragon (Zot:1)
  5 mana vipers
  3 orange crystal statues
  12 deep elf archers
  23 ironbound convokers
  10 lindwurms
  A harpy (shapeshifter) (Elf:2)
  6 necromancers
  23 orc knights
  5 phantasmal warriors
  20 deep elf zephyrmancers
  A shining eye (Slime:1)
  17 deep elf pyromancers
  29 salamanders
  22 fauns
  23 harpies
  7 orc sorcerers
  18 ugly things
  7 manticores
  29 moths of wrath
  A will-o-the-wisp (Abyss:3)
  A shining eye (shapeshifter) (Vaults:5)
  An apocalypse crab (Gauntlet)
  12 naga magi
  7 cyclopes
  22 elephants
  2 kobold blastminers
  7 merfolk sirens
  3 eyes of devastation
  20 vault sentinels
  28 black mambas
  4 guardian serpents
  An eye of devastation (shapeshifter) (Vaults:5)
  23 cane toads
  3 water nymphs
  8 smoke demons
  3 torpor snails
  2 torpor snails (shapeshifter) (Vaults:5)
  2 unseen horrors
  2 gargoyles
  A hellion (Depths:3)
  Jeremiah (Lair:1)
  Psyche (D:9)
  A freezing wraith (D:14)
  8 komodo dragons
  20 yaktaurs
  5 rime drakes
  2 efreet
  8 tengu conjurers
  An ancient zyme (Abyss:3)
  3 trolls
  5 polar bears
  4 hornets
  2 merfolk (shapeshifter) (Vaults:5)
  32 merfolk
  An iron dragon simulacrum (Depths:4)
  4 wind drakes
  A glass eye (shapeshifter) (Depths:3)
  3 raiju (Lair:5)
  A dream sheep (Lair:4)
  9 snapping turtles
  19 blink frogs
  77 slime creatures
  An air elemental (Elf:1)
  2 centaur simulacra
  4 ynoxinuls
  5 spriggans
  28 water elementals
  3 shadows (D:11)
  4 wraiths
  15 small abominations
  39 yaks
  A vampire (D:12)
  9 wyverns
  5 fire elementals
  5 golden eyes (Slime:4)
  4 neqoxecs (Abyss:4)
  An unseen horror simulacrum (D:10)
  15 basilisks
  2 wargs (Orc:1)
  2 chaos spawn
  A redback (shapeshifter) (Vaults:3)
  12 vampire mosquitoes
  48 nagas
  23 water moccasins
  3 acid dragons
  20 orc warriors
  2 ice beasts
  Pargi (D:3)
  3 black bears
  2 laughing skulls (D:13)
  A sky beast (D:7)
  2 boggarts
  8 ogres
  21 centaurs
  A crocodile (shapeshifter) (Elf:3)
  9 wolves
  12 starcursed masses
  2 brain worms (Abyss:4)
  7 earth elementals
  A gnoll sergeant (D:6)
  10 bullfrogs
  A scorpion (shapeshifter) (D:14)
  3 scorpions
  7 wights
  7 killer bees (D:9)
  5 howler monkeys
  A bombardier beetle (D:5)
  4 electric eels
  A jelly (shapeshifter) (Lair:5)
  A quasit (Abyss:4)
  A crimson imp (D:8)
  2 gnoll boudas (D:8)
  20 orc priests
  5 jellies
  6 hounds
  3 sleepcaps
  Jessica (D:2)
  Ijyb (D:5)
  Natasha (thrice) (D:2)
  4 iguanas
  17 orc wizards
  A hell rat (Lair:4)
  21 gnolls
  7 adders
  A shadow imp (D:5)
  3 white imps
  3 ribbon worms
  4 dart slugs
  50 orcs
  6 bats
  5 endoplasms
  5 giant cockroaches
  4 goblins
  6 hobgoblins
  4 kobolds
  7 quokkas
  6 ball pythons
  2 frilled lizards (D:3)
  7 rats
  2 aspiring fleshes
  A foxfire (Abyss:3)
  A spectral weapon (Elf:3)
  2 starspawn tentacles (Abyss:3)
2162 creatures vanquished.

Vanquished Creatures (collateral kills)
  An acid blob (Slime:5)
  2 ogres (D:10)
3 creatures vanquished.

Vanquished Creatures (others)
  A draconian shifter (Zot:3)
  An ettin (Depths:1)
  A deep elf pyromancer (Elf:2)
  A deep elf zephyrmancer (Elf:2)
  A moth of wrath (Zot:2)
  A faun (Shoals:3)
  A centaur (D:14)
  7 foxfires (Abyss:3)
  4 starspawn tentacles (Abyss:3)
18 creatures vanquished.

Grand Total: 2183 creatures vanquished

Notes
Turn   | Place    | Note
-------+----------+-------------------------------------------
     0 | D:5      | Implojin the Coglin Delver began the quest for the Orb.
     0 | D:5      | Reached XP level 1. HP: 18/18 MP: 1/1
     2 | D:5      | Noticed Ijyb
   142 | D:2      | Reached XP level 2. HP: 24/24 MP: 2/2
   178 | D:2      | Noticed Jessica
   181 | D:2      | Killed Jessica
   182 | D:2      | Reached XP level 3. HP: 29/29 MP: 3/3
   258 | D:1      | Found Fismogg's Magic Scroll Shoppe.
   334 | D:1      | Found a faded altar of an unknown god.
   437 | D:1      | Reached XP level 4. HP: 35/35 MP: 4/4
   722 | D:1      | Bought a scroll of identify for 22 gold pieces
   723 | D:1      | Bought a scroll of identify for 22 gold pieces
  1287 | D:2      | Noticed Natasha
  1295 | D:2      | Killed Natasha
  1296 | D:2      | Reached XP level 5. HP: 21/41 MP: 5/5
  1666 | D:2      | Noticed Natasha
  1677 | D:2      | Killed Natasha
  1795 | D:3      | Noticed Pargi
  1826 | D:2      | Noticed Natasha
  2011 | D:3      | Killed Pargi
  2012 | D:3      | Reached skill level 5 in Short Blades
  2012 | D:3      | Reached XP level 6. HP: 37/47 MP: 6/6
  3170 | D:4      | Found a staircase to the Ecumenical Temple.
  3202 | D:4      | Reached XP level 7. HP: 54/54 MP: 7/7
  3251 | Temple   | Entered the Ecumenical Temple
  3439 | D:4      | Found an iron altar of Okawaru.
  3622 | D:1      | Bought a scroll of enchant weapon for 82 gold pieces
  3622 | D:1      | Bought a scroll of enchant weapon for 82 gold pieces
  3622 | D:1      | Bought a scroll of noise for 11 gold pieces
  3985 | D:2      | Killed Natasha
  4585 | D:5      | Reached skill level 5 in Fighting
  5419 | D:5      | Killed Ijyb
  5752 | D:6      | Reached XP level 8. HP: 55/57 MP: 8/8
  5937 | D:6      | Identified the +0 ring mail "Vockail" {-Cast Fly Regen+
                  | Dex+3}
  6892 | D:6      | Reached XP level 9. HP: 61/68 MP: 9/9
  7716 | D:7      | Identified the +8 flail "Paucs" {venom, *Slow Fly Int+2}
  8039 | D:7      | Reached skill level 10 in Short Blades
  8939 | D:8      | Found a blossoming altar of Fedhas.
  9349 | D:8      | Reached XP level 10. HP: 71/78 MP: 10/10
  9531 | D:8      | Found a burning altar of Makhleb.
 10071 | D:9      | Identified the +6 whip "Tuixzozi" {speed, rPois Dex+2}
 10120 | D:9      | Noticed Psyche
 10124 | D:9      | Killed Psyche
 10181 | D:9      | Found Wuofeo's Jewellery Shop.
 10646 | D:10     | Entered Level 10 of the Dungeon
 10646 | D:10     | Noticed Harold
 10649 | D:10     | Killed Harold
 10650 | D:10     | Reached skill level 10 in Fighting
 10650 | D:10     | Reached skill level 2 in Dodging
 10660 | D:10     | Found an ornate altar of the Wu Jian Council.
 10662 | D:10     | Found a basalt altar of Yredelemnul.
 10666 | D:10     | Found an ancient bone altar of Kikubaaqudgha.
 10668 | D:10     | Became a worshipper of the Wu Jian Council
 10673 | D:10     | Identified the +5 ring mail "Xablaq" {rPois rC+ Will+ MP-9}
 10735 | D:10     | Found a stormy altar of Qazlal.
 10781 | D:10     | Reached skill level 3 in Dodging
 10814 | D:10     | Found a staircase to the Orcish Mines.
 10843 | D:10     | Noticed a two-headed ogre
 10849 | D:10     | Killed a two-headed ogre
 10850 | D:10     | Reached skill level 5 in Dodging
 10859 | D:10     | Reached skill level 5 in Evocations
 10881 | D:10     | Found a runed translucent door.
 10881 | D:10     | Found a shimmering altar of Xom.
 10881 | D:10     | Noticed madasgardian's ghost (novice CoAr)
 10881 | D:10     | Noticed a +4 flail of chaos
 11068 | D:10     | Reached XP level 11. HP: 90/90 MP: 2/11
 11077 | D:10     | Noticed Lodul
 11091 | D:10     | Noticed a centaur warrior
 11098 | D:10     | Killed a centaur warrior
 11118 | D:10     | Killed Lodul
 11119 | D:10     | Reached skill level 6 in Dodging
 11202 | D:10     | Noticed a centaur warrior
 11210 | D:10     | Killed a centaur warrior
 11211 | D:10     | Reached skill level 7 in Dodging
 11285 | D:10     | Found a staircase to the Lair.
 11401 | D:10     | Found a shadowy altar of Dithmenos.
 11605 | D:10     | Reached * piety under Wu Jian
 11915 | D:11     | Noticed a cyclops
 11917 | D:11     | Killed a cyclops
 11949 | D:11     | Noticed Urug
 11954 | D:11     | Killed Urug
 11955 | D:11     | Reached skill level 8 in Dodging
 12028 | D:11     | Noticed a centaur warrior
 12038 | D:11     | Killed a centaur warrior
 12219 | D:11     | Reached skill level 9 in Dodging
 12934 | D:11     | Reached XP level 12. HP: 92/97 MP: 3/12
 13251 | D:11     | Reached skill level 10 in Dodging
 13584 | Lair:1   | Entered Level 1 of the Lair of Beasts
 13655 | Lair:1   | Reached skill level 5 in Stealth
 13878 | Lair:1   | Noticed Erica
 13892 | Lair:1   | Killed Erica
 14089 | Lair:1   | Reached ** piety under Wu Jian
 14185 | Lair:1   | Noticed Jeremiah
 14445 | Lair:2   | Noticed a death yak
 14520 | Lair:2   | Killed a death yak
 14749 | Lair:2   | Reached skill level 1 in Armour
 15550 | Lair:2   | Found a staircase to the Shoals.
 15565 | Lair:2   | Reached skill level 5 in Armour
 15830 | Lair:3   | Reached XP level 13. HP: 61/103 MP: 4/13
 16408 | Lair:3   | Reached skill level 11 in Dodging
 16653 | Lair:3   | Reached *** piety under Wu Jian
 16744 | Lair:3   | Found a staircase to the Snake Pit.
 17242 | Lair:4   | Found a staircase to the Slime Pits.
 17242 | Lair:4   | Found a viscous altar of Jiyva.
 17483 | Lair:4   | Found a gate leading to a gauntlet.
 17490 | Gauntlet | Entered a Gauntlet
 17490 | Gauntlet | Found a transporter.
 17490 | Gauntlet | Found a transporter.
 17491 | Gauntlet | Found a transporter.
 17494 | Gauntlet | Found a transporter.
 17496 | Gauntlet | Found a transporter.
 17510 | Gauntlet | Found a transporter.
 17579 | Gauntlet | Found a transporter.
 17593 | Gauntlet | Found a transporter.
 17608 | Gauntlet | Found a transporter.
 17623 | Gauntlet | Found a transporter.
 17639 | Gauntlet | Found a transporter.
 17647 | Gauntlet | Found a transporter.
 17886 | Gauntlet | Noticed a minotaur
 17898 | Gauntlet | Killed a minotaur
 18601 | Lair:4   | Reached **** piety under Wu Jian
 18709 | Lair:4   | Reached skill level 10 in Stealth
 18771 | Lair:4   | Reached XP level 14. HP: 56/110 MP: 5/14
 18914 | Lair:4   | Acquired a dynamic module {Rampage Acrobat rPois rCorr
                  | Slay+3}
 18971 | Lair:4   | Identified the ring "Tecur" {rC+ Dex+4}
 19736 | Lair:4   | Identified a scroll of acquirement
 19737 | Lair:4   | Acquired the +9 rapier of Wondrous Power {venom, rElec rC+
                  | rCorr}
 20101 | Lair:5   | Entered Level 5 of the Lair of Beasts
 21123 | Lair:5   | Reached ***** piety under Wu Jian
 21274 | Lair:5   | Reached XP level 15. HP: 115/115 MP: 6/15
 21316 | Lair:5   | Found a corrupted altar of Lugonu.
 21316 | Lair:5   | Found a one-way gate to the infinite horrors of the Abyss.
 21391 | Lair:5   | Noticed Sonja
 21402 | Lair:5   | Killed Sonja
 23383 | Lair:1   | Killed Jeremiah
 23587 | D:10     | Killed madasgardian's ghost
 25154 | D:13     | Reached skill level 12 in Dodging
 25613 | D:14     | Found a sacrificial altar of Ru.
 25650 | D:14     | Reached ****** piety under Wu Jian
 25738 | D:14     | Reached skill level 13 in Dodging
 25806 | D:14     | Reached XP level 16. HP: 102/127 MP: 7/16
 25890 | D:14     | Noticed Snorg
 25906 | D:14     | Killed Snorg
 26113 | D:14     | Reached skill level 14 in Dodging
 26344 | D:14     | Found Numupnue's Armour Shoppe.
 26345 | D:14     | Reached skill level 10 in Armour
 26435 | D:14     | Noticed a tengu reaver
 26445 | D:14     | Killed a tengu reaver
 26453 | D:14     | Identified the staff of Fear {Stlth- Conj Necro Earth}
 26454 | D:14     | Identified the +2 cloak of Joy {Dex+3 Slay+3}
 26762 | D:14     | Found a gate to the Vaults.
 26956 | D:15     | Entered Level 15 of the Dungeon
 27006 | D:15     | Identified the ring of Temom {rElec rPois Dex+2}
 27103 | D:15     | Found a runed translucent door.
 27121 | D:15     | Found a runed translucent door.
 27121 | D:15     | Found a runed translucent door.
 27122 | D:15     | Found a runed translucent door.
 27313 | D:15     | Found Kewias's Antique Armour Shop.
 27449 | D:15     | Found a staircase to the Depths.
 27713 | D:15     | Found Leuchugoiru's Armour Boutique.
 27871 | D:15     | Found Econyhu's Armour Boutique.
 28011 | Orc:1    | Entered Level 1 of the Orcish Mines
 28113 | Orc:1    | Found a roughly hewn altar of Beogh.
 28113 | Orc:1    | Noticed Nergalle
 28118 | Orc:1    | Killed Nergalle
 28385 | Orc:2    | Entered Level 2 of the Orcish Mines
 28386 | Orc:2    | Found Cuzohak's Antique Armour Shoppe.
 28388 | Orc:2    | Found a roughly hewn altar of Beogh.
 28469 | Orc:2    | Noticed Saint Roka
 28484 | Orc:2    | Killed Saint Roka
 28805 | Orc:2    | Found Mienug Suchi's Antique Armour Emporium.
 28835 | Orc:2    | Found a staircase to the Elven Halls.
 29021 | Orc:2    | Found Xeafoom's Magic Scroll Shop.
 29021 | Orc:2    | Found Qynieric's Armour Shoppe.
 29023 | Orc:2    | Found Rygam's General Store.
 29023 | Orc:2    | Found Xainurum's General Store.
 29174 | Orc:2    | Bought a pair of encrusted gloves for 294 gold pieces
 29174 | Orc:2    | Identified the +1 pair of gloves "Qimu" {Str+3} (You bought
                  | it in a shop on level 2 of the Orcish Mines)
 29235 | Orc:2    | Bought a potion of heal wounds for 70 gold pieces
 29237 | Orc:2    | Bought a potion of haste for 130 gold pieces
 29239 | Orc:2    | :too bad about will- on this gda
 29403 | Snake:1  | Entered Level 1 of the Snake Pit
 29451 | Snake:1  | Identified the staff "Jun Izim" {^Drain rF+ rC+ Str+2 Ice}
 29746 | Snake:1  | Reached XP level 17. HP: 99/133 MP: 8/17
 29847 | Snake:1  | Noticed Mlioglotl
 29863 | Snake:1  | Killed Mlioglotl
 30178 | Snake:1  | Found Pucuckuh's Armour Shop.
 30289 | Snake:1  | Identified the +4 short sword "Goblinslayer" {pain, *Rage
                  | rElec rPois Dex+4}
 30554 | Snake:2  | Identified the serpent talisman of the Crypt {Str+3 Int+2}
 30554 | Snake:2  | Noticed Aizul
 30562 | Snake:2  | Killed Aizul
 30805 | Snake:2  | Reached skill level 5 in Throwing
 31661 | Snake:3  | Noticed Vashnia
 31671 | Snake:3  | Killed Vashnia
 32165 | Snake:3  | Found a glowing silver altar of Zin.
 32586 | Snake:4  | Entered Level 4 of the Snake Pit
 32790 | Snake:4  | Found an opulent altar of Gozag.
 33028 | Snake:4  | Reached XP level 18. HP: 146/148 MP: 9/18
 33029 | Snake:4  | Reached skill level 15 in Fighting
 33151 | Snake:4  | Got a serpentine rune of Zot
 33526 | Shoals:1 | Entered Level 1 of the Shoals
 34104 | Shoals:2 | Found Maeps's Distillery.
 34226 | Shoals:2 | Bought a potion of might for 40 gold pieces
 34226 | Shoals:2 | Bought a potion of might for 40 gold pieces
 34741 | Shoals:2 | Identified the +0 pair of boots of the Pirate {rPois rF+
                  | Int-5}
 35276 | Shoals:3 | Reached skill level 15 in Short Blades
 35869 | Shoals:3 | Found Tekhuine's Jewellery Shoppe.
 35899 | Shoals:4 | Entered Level 4 of the Shoals
 36254 | Shoals:4 | Reached XP level 19. HP: 149/161 MP: 10/19
 36294 | Shoals:4 | Noticed Polyphemus
 36301 | Shoals:4 | Killed Polyphemus
 36800 | Shoals:4 | Reached skill level 15 in Dodging
 36864 | Shoals:4 | Got a barnacled rune of Zot
 37929 | Vaults:1 | Entered Level 1 of the Vaults
 38044 | Vaults:1 | Found Wuyxzox's General Store.
 38052 | Vaults:1 | Bought a potion of heal wounds for 65 gold pieces
 38252 | Vaults:1 | Reached skill level 16 in Dodging
 38457 | Vaults:1 | Found a glowing silver altar of Zin.
 39179 | Vaults:1 | Reached skill level 17 in Dodging
 39473 | Vaults:1 | Noticed Zenata
 39482 | Vaults:1 | Killed Zenata
 39483 | Vaults:1 | Reached XP level 20. HP: 121/168 MP: 11/20
 40267 | Vaults:2 | Reached skill level 18 in Dodging
 40562 | Vaults:2 | Reached skill level 15 in Armour
 40968 | Vaults:2 | Found Jestua's Armour Shop.
 41518 | Vaults:3 | Noticed Xedevy's ghost (adept KoEn)
 41519 | Vaults:3 | Found a transporter.
 41521 | Vaults:3 | Found a transporter.
 41538 | Vaults:3 | Killed Xedevy's ghost
 41837 | Vaults:3 | Reached XP level 21. HP: 174/174 MP: 12/21
 42769 | Vaults:3 | Found a staircase to the Crypt.
 46551 | Vaults:5 | Entered Level 5 of the Vaults
 46579 | Vaults:5 | Reached XP level 22. HP: 159/181 MP: 13/22
 46723 | Vaults:5 | Identified the staff "Bohossiw" {rN+ Int-3 Dex+7 Necro}
 46887 | Vaults:5 | Reached skill level 19 in Dodging
 46961 | Vaults:5 | Identified the +1 scale mail of Erem {Int+5}
 46976 | Vaults:5 | Identified the +6 scimitar "Umazere" {freeze, rElec rPois
                  | rCorr}
 46990 | Vaults:5 | Noticed a golden dragon
 46991 | Vaults:5 | Killed a golden dragon
 47055 | Vaults:5 | Got the Cyclopedia of Coruscating Bringing Forth
 47116 | Vaults:5 | Noticed a dread lich
 47124 | Vaults:5 | Killed a dread lich
 47143 | Vaults:5 | Identified the +2 leather armour of Resourcefulness {Slay+4
                  | SInv}
 47210 | Vaults:5 | Got a silver rune of Zot
 47230 | Vaults:5 | Identified the +2 chain mail of Ru's Favour {Regen+ Dex+6}
 47441 | Vaults:5 | Reached skill level 20 in Dodging
 47555 | Vaults:5 | Identified the +1 robe of Eternal Vigilance {rElec Int+2}
 47562 | Vaults:5 | Identified the +1 cloak "Inupof" {+Blink rC++}
 48216 | Elf:1    | Entered Level 1 of the Elven Halls
 48321 | Elf:1    | Got the Encyclopedia of the Arsonist and Geology
 48463 | Elf:1    | Noticed Roxanne
 48463 | Elf:1    | Noticed Donald
 48464 | Elf:1    | Killed Donald
 48479 | Elf:1    | Killed Roxanne
 48906 | Elf:1    | Reached XP level 23. HP: 187/187 MP: 14/23
 48906 | Elf:1    | Noticed Norris
 48925 | Elf:1    | Killed Norris
 48966 | Elf:1    | Found a roughly hewn altar of Beogh.
 48976 | Elf:1    | Reached skill level 21 in Dodging
 49233 | Elf:1    | Found a corrupted altar of Lugonu.
 49840 | Elf:2    | Noticed Jorgrun
 49851 | Elf:2    | Killed Jorgrun
 49876 | Elf:2    | Found a runed translucent gate.
 49877 | Elf:2    | Found a runed translucent gate.
 49877 | Elf:2    | Found a runed translucent gate.
 50416 | Elf:2    | Reached skill level 22 in Dodging
 50636 | Elf:3    | Entered Level 3 of the Elven Halls
 50672 | Elf:3    | Found Cocviddutea's Antique Weapon Emporium.
 50694 | Elf:3    | Found Nakhlywi's Jewellery Boutique.
 50730 | Elf:3    | Found Enaethrio's Assorted Antiques.
 50823 | Elf:3    | Found Loulepi's Armour Emporium.
 50825 | Elf:3    | Found Dippogeycw's General Store.
 50927 | Elf:3    | Identified the ring "Duewyu" {rN+ Str-3 Int+6 Dex+3 SInv}
 51252 | Elf:3    | Identified the ring of Iteq {rN+ Will+ MP+9 Str+3}
 51253 | Abyss:2  | Cast into level 2 of the Abyss (a deep elf sorcerer)
 51326 | Abyss:3  | Reached XP level 24. HP: 197/201 MP: 14/23
 51414 | Abyss:3  | Lost intelligence.
 51448 | Abyss:3  | :asdg
 51546 | Abyss:3  | Found a corrupted altar of Lugonu.
 51645 | Abyss:4  | Got an abyssal rune of Zot
 51663 | Elf:3    | Escaped the Abyss
 51905 | Elf:3    | Identified the +3 leather armour "Vuext" {rCorr Str+7
                  | Int-4}
 51959 | Elf:3    | Got the Lectures on the Shining Ground
 51970 | Elf:3    | Identified the +10 broad axe "Noggoalu" {flame, rCorr Int-2
                  | Dex+3}
 52082 | Elf:3    | Identified the staff "Calitz" {rF+ Earth}
 52591 | Depths:1 | Entered Level 1 of the Depths
 52676 | Depths:1 | Found a shimmering altar of Xom.
 53231 | Depths:1 | Found a gateway to Hell.
 53279 | Depths:1 | Found a one-way gate leading to the halls of Pandemonium.
 53281 | Depths:1 | Found a white marble altar of Elyvilon.
 53929 | Depths:1 | You fall into a shaft and drop 1 floor!
 54222 | Depths:2 | Noticed Bai Suzhen
 54237 | Depths:2 | Killed Bai Suzhen
 54314 | Depths:2 | Got the Codex of the Compass and the Sun
 55039 | Depths:2 | Noticed Sojobo
 55050 | Depths:2 | Killed Sojobo
 55177 | Depths:3 | Found a broken altar of Ashenzari.
 55270 | Depths:3 | Found the +8 whip "Snakebite" {venom, curare, rPois}
 55661 | Depths:3 | Reached XP level 25. HP: 210/210 MP: 4/23
 55686 | Depths:3 | Found the +3 pair of seven-league boots {Rampage+∞}
 55750 | Depths:3 | Found a one-way gateway to a ziggurat.
 56241 | Depths:4 | Entered Level 4 of the Depths
 56343 | Depths:4 | Found a blossoming altar of Fedhas.
 56468 | Depths:4 | Found a gate to the Realm of Zot.
 56539 | Depths:4 | Noticed Jory
 56547 | Depths:4 | Killed Jory
 56829 | Depths:4 | Noticed Isotadock's ghost (veteran GnWn)
 56840 | Depths:4 | Found a shadowy altar of Dithmenos.
 56905 | Depths:4 | Noticed an ancient lich
 56920 | Depths:4 | Found a transporter.
 56922 | Depths:4 | Identified the serpent talisman of Defiance {MP+9}
 57028 | Depths:4 | Found a transporter.
 57848 | Depths:4 | Killed an ancient lich
 57872 | Depths:4 | Killed Isotadock's ghost
 57923 | Depths:4 | Acquired a manual of Axes
 57925 | Depths:4 | Acquired the +11 rapier of Diet Blood {speed, Int+7}
 58341 | Slime:1  | Entered Level 1 of the Pits of Slime
 58414 | Slime:5  | Entered Level 5 of the Pits of Slime
 58415 | Slime:5  | Found the +7 captain's cutlass {speed, disarm}
 58453 | Slime:5  | Noticed the Royal Jelly
 58455 | Slime:5  | Found a viscous altar of Jiyva.
 58627 | Slime:5  | :asdfg
 58694 | Slime:5  | Killed the Royal Jelly
 58695 | Slime:5  | Reached XP level 26. HP: 95/222 MP: 14/23
 58740 | Slime:5  | Got Sif Muna's Volume of Lava
 58761 | Slime:5  | :very ugly slime
 58761 | Slime:5  | :should have immoed earlier
 58797 | Slime:5  | Got the Cyclopedia of Cryomancy and Toxins
 58798 | Slime:5  | Identified the ring "Zent" {rCorr Str+6}
 58829 | Slime:5  | Found the +5 moon troll leather armour {Spirit, Regen++
                  | MP+5}
 58849 | Slime:5  | Identified the +5 short sword of Valiance {vamp, rF+ rN+
                  | Stlth+}
 58974 | Slime:5  | Got a starry gem with 81 turns to spare
 58976 | Slime:5  | Got a slimy rune of Zot
 58984 | Slime:5  | Identified the +5 scale mail of Sesideg {MP+9 Str+3}
 59035 | Slime:1  | :ope
 59067 | Lair:4   | :probably should not have burned anywhere near that many
                  | resources just for slime gem but its whatever
 59609 | D:1      | Bought a scroll of fear for 44 gold pieces
 60045 | Zot:1    | Entered Level 1 of the Realm of Zot
 60288 | Zot:1    | Noticed an orb of fire
 60294 | Zot:1    | Gained mutation: You are frail. (-10% HP) [an orb of fire]
 60316 | Zot:1    | Killed an orb of fire
 60697 | Zot:1    | Identified the +2 ring mail of the Original Sin {Rampage
                  | Str-4 Dex-2 Slay+5}
 61072 | Zot:1    | Reached skill level 23 in Dodging
 61675 | Zot:2    | Noticed an orb of fire
 61696 | Zot:2    | Killed an orb of fire
 62465 | Zot:2    | Reached skill level 24 in Dodging
 63020 | Zot:2    | Noticed Grunn
 63023 | Zot:2    | Killed Grunn
 63047 | Zot:2    | Found a sparkling altar of Nemelex Xobeh.
 63962 | Zot:3    | Reached XP level 27. HP: 175/205 MP: 4/23
 64134 | Zot:3    | Reached skill level 25 in Dodging
 64498 | Zot:3    | Identified the +1 ring mail "Vepeyck" {Str+4 Stlth-}
 65928 | Zot:3    | :hmmm
 66665 | Zot:4    | Found a runed translucent door.
 66665 | Zot:4    | Found a shimmering altar of Xom.
 66665 | Zot:4    | Noticed Qephaces's ghost (veteran GnGl)
 66895 | Zot:5    | Entered Level 5 of the Realm of Zot
 66950 | Zot:4    | Killed from afar by a black draconian knight

Illustrated notes ##.........# # ##..........# # ##.....####### #....##### #..[###..#### #.[)##.÷.÷..### ##[[[#[÷...÷.∩## #.)[[[÷..÷....## ##.÷)÷[.○...@.∩# ##..[[...÷...∩# #...÷.......## ###.......∩## ##÷....### ####### ### #.. ##.# Turn 29239 on Orc:2: :too bad about will- on this gda .# .# #.. .### ..## #... ...#... ..... ... #.# #@# ### Turn 51448 on Abyss:3: :asdg ***** ####....<.......... ***** ######.................. ********#....................... ***,,,,,........................ ***,,,,,........................ *,,,,,........................ *,,,,,.J...................... *,,,,,........................ **,,,,,.......@................ *,,,,,,........................ *,,,,,,........................ *,,,,,,...........###.......### *,,,,,,.^.......### ##.#...#.# **,,,,,,.......### #......## *,,,^,,,.......* #......# *,,,,,,,.....##* #.....## **,,,,,,,,,,,,* ###...# Turn 58627 on Slime:5: :asdfg #...##............,,*,,,. #..!..............,,,,,,# #:|.)............,,,,,,,. #|..............,,,,,,,,. #).[............,,,,,,,,. #...##..........,,*,*,,*# #.?##...........,,******* ####............,** ##...@.......,* #...........,* ##..........,* #..........,*** ##.........,,,** #.........,,,,** #.........,,,,,** ##........,,,,,,** *,,,,,,,,,,,,,.,## Turn 58761 on Slime:5: :very ugly slime **,*,,.....#...........## * *,,,,,...#.#.#..........# ** **,*,*.....#...........## **, ***,*#........#.......## *,, **,,,,..................# **, *,,,,*#....#..###..#...## ** ,,,,,**#...............## *,,,,,*##......#........## ,*,,,,##........@..#.....#* ,**,,,.........J.#.#.#....** ***,,.##.....#.....#......,* *,*,............J......#..,** ,,,,............J.........,,* ,,*,.....#...JJJ...#..###,,,* ,,,,......................,,* ,,,,...................#..,** ,,,,......................,,** Turn 59035 on Slime:1: :ope #####...÷..>..........# #.#.................### ####...#...÷..........## #.....................# ####.###...##............# #####.P..# #."..##...........# #P#......###...###......<.P#.# #...##.#..................#### ..###P.......>..@...........## .## ##.......................# .# #...###...###..........## .## #.#.###....##..........# #.# ###.......##...........# ### #....................# #P#.####.P....##....## ########## ############## #### ♣♣.....♣♣ ♣♣♣♣♣♣...♣♣♣♣♣♣#... Turn 59067 on Lair:4: :probably should not have burned anywhere near that many resources just for slime gem but its whatever

..#..[...#..#...♣......#..### #.
.###.^.##.##.#.......##.##..# ###
..##..#..#..#.......#..#....###..
.........#..#..######..#.........
.....=....###.##....###.#.#...##.
#....##....#..#........#.##...##.
#..####....#..#+#####....##......
...........#..#..)))##...........
........⌠..#..#.@÷#).#..⌠...).)..
...........##.+...#..#..........)
...###......#####+#..#......####.
..## ##..#........#..#......###..
..####..#.###....##.###...#......
.........#..######..#..#.........
#........#..#.......#..#..#.....#
#..###.##.##.......#.##.##.......
##.####..#......⌠...#..#.........


Turn 65928 on Zot:3: :hmmm

Levels and vault maps discovered:
D:1:      minmay_arrival_cross, layout_rooms, serial_shops,
          nicolae_shop_crystal, hellmonk_ecumenical_altar_zigzags
D:2:      layout_loops_ring, serial_aquarium, aquarium_bridge_square
          [aquarium_subvault_bridge, aquarium_subvault_wall,
          aquarium_subvault_bridge, aquarium_subvault_bridge],
          aquarium_window_corner, aquarium_window_2, aquarium_window_fake,
          aquarium_window_fake, aquarium_view_2f, aquarium_pool_double,
          uniq_natasha, uniq_jessica
D:3:      layout_rooms, gup_sewer_entry_pipe, uniq_pargi
D:4:      layout_cave_pools, okawaru_gym_becter, minmay_temple_entry_statues
D:5:      layout_gridville, grunt_decor_mini_mirrors, serial_park_tiny_1,
          uniq_ijyb
D:6:      kb_forest_paths, layout_basic, serial_co_window_serial,
          co_window_paths_b, co_window_paths_b, co_window_paths_a,
          co_window_corner_a, co_window_corner_a, co_window_paths_b,
          co_window_cross_1, co_window_corner_b, co_window_of_opportunity_b,
          grunt_decor_clamped
D:7:      layout_cave_pools
D:8:      layout_loops_corners, mainiacjoe_overflow_alcove_2,
          makhleb_grotto_becter
D:9:      layout_loops_ring, serial_shops, kennysheep_mini_moat, abandoned_shop,
          uniq_psyche
D:10:     layout_roguey, nicolae_overflow_macrodata_refinement,
          overflow_temple_1_default, lair_entry_dummy, orc_0_dummy,
          ebering_ghost_xom, kb_rosetta, uniq_harold, uniq_lodul
D:11:     minmay_stone_box, layout_basic, uniq_urug
D:12:     layout_loops_cross
D:13:     layout_irregular_city
D:14:     minmay_the_grid_4x2 [minmay_the_grid_garden, minmay_the_grid_fan,
          minmay_the_grid_expand, minmay_the_grid_rooms, minmay_the_grid_paths,
          minmay_the_grid_eight, minmay_the_grid_embedded,
          minmay_the_grid_prize_diamond_cup], layout_rooms, david_vaults_5,
          serial_shops, nicolae_shop_statue_plus, hangedman_ru_absence,
          uniq_snorg
D:15:     hangedman_depths_entry_try_elsewhere_first, layout_loops_ring,
          serial_shops, nicolae_shop_behind_doors, shop, nicolae_shop_trees,
          amethyst_killhole, fountainhead, minmay_statue_crystal_thing
Temple:   minmay_temple_curvy_branch
Lair:1:   layout_chaotic_city, serial_bayou_lake_a, uniq_jeremiah, uniq_erica
Lair:2:   layout_regular_city, minmay_shoals_entry_hut
Lair:3:   layout_cave_pods, alex1729_snake_entry_snake
Lair:4:   nzn_winding_woodlands_huge [nzn_winding_woodlands_5x15_garden,
          nzn_winding_woodlands_5x15_pool, nzn_winding_woodlands_5x15_pockets,
          nzn_winding_woodlands_5x15_jagged, nzn_winding_woodlands_5x15_default,
          nzn_winding_woodlands_5x15_concentric,
          nzn_winding_woodlands_5x15_parted, nzn_winding_woodlands_5x15_twine,
          nzn_winding_woodlands_5x15_cabin,
          nzn_winding_woodlands_5x15_pathside_ponds,
          nzn_winding_woodlands_center_pierced_h,
          nzn_winding_woodlands_center_lodge,
          nzn_winding_woodlands_15x15_boxy_spiral], layout_hall_layers,
          minmay_slime_entry_pillars, gauntlet_entry_generic
Lair:5:   hellmonk_lair_end_abyssal_woods, layout_cave_pods, st_stairs_4,
          serial_bayou_shore_b, uniq_sonja
Shoals:1: layout_shoals
Shoals:2: cheibrodos_shoals_baths, layout_shoals, serial_shops, shop
Shoals:3: layout_shoals, serial_shops, nicolae_shop_rolling_square
Shoals:4: shoals_end_grunt_garden, layout_shoals, uniq_polyphemus
Snake:1:  minmay_snake_river, layout_rooms, serial_shops,
          nicolae_shop_back_alley_shop, grunt_megastairs_3, uniq_mlioglotl
Snake:2:  layout_misc_corridors, grunt_ministairs_4,
          nicolae_snake_salamander_fort, uniq_aizul
Snake:3:  layout_misc_corridors, basic_altar, nicolae_fountain_basement,
          nicolae_triple_integral, uniq_vashnia
Snake:4:  johnstein_snake_rune_scales, layout_onion_interference, basic_altar,
          grunt_megastairs_4
Slime:1:  layout_caves, nicolae_slime_barrier,
          cheibrodos_slime_lost_civilization_6
Slime:2:  layout_caves
Slime:3:  layout_caves
Slime:4:  layout_caves
Slime:5:  slime_pit_nicolae_inversion
Orc:1:    layout_caves, basic_altar, uniq_nergalle
Orc:2:    grunt_orc_tribal_feast, layout_diamond_mine, basic_altar,
          serial_shops, shop, shop, uniq_saint_roka
Elf:1:    elf_arrival_002, layout_gridlike, nicolae_elf_theology_debate,
          uniq_roxanne, uniq_norris, uniq_donald
Elf:2:    nicolae_elf_blades_crystal_corner, layout_geoelf_octagon, uniq_jorgrun
Elf:3:    nooodl_elf_gasket, layout_geoelf_grid, serial_shops, shop,
          nicolae_shop_getting_attention, nicolae_shop_statue_plus, shop, shop
Vaults:1: nicolae_vaults_trapezoid_lopsided_1, hangedman_vaults_maws,
          nicolae_vaults_diamond_1, v_misc_23, nicolae_vaults_oval_intersection,
          lemuel_angel_altar, nicolae_vaults_doubleplus_tesselated,
          nicolae_vaults_murder_corner, nicolae_vaults_cornered_office,
          nicolae_vaults_three_branches, nicolae_vaults_tetromino_T_2,
          nicolae_vaults_border_crossing, v_misc_10, layout_vaults_maze_snakey,
          serial_shops, shop, uniq_zenata
Vaults:2: hangedman_vaults_nodes, st_quartered_hall, ontoclasm_vaults_ligature,
          v_misc_32, v_misc_15, nicolae_vaults_double_plus_3,
          vaults_room_ringed_pool, v_misc_18, nicolae_vaults_twisting_passages,
          hangedman_vaults_river_flow, vaults_dpeg_diagonal,
          nicolae_vaults_taking_the_gang_shopping, layout_vaults_omnibox
Vaults:3: gammafunk_ghost_arena, v_misc_9, v_rooms_4, hangedman_vaults_trim,
          minmay_crypt_entry_simple_sparse, v_misc_16,
          nicolae_vaults_what_the_h, nicolae_vaults_enemy_cabinets,
          ontoclasm_vaults_ring_small, nicolae_vaults_little_squares_5,
          nicolae_vaults_network_quinsquares
          [nicolae_vaults_network_quincunx_subvault,
          nicolae_vaults_network_quincunx_subvault,
          nicolae_vaults_network_quincunx_subvault,
          nicolae_vaults_network_quincunx_subvault],
          nicolae_vaults_tetromino_Z_1, vaults_room_hallway,
          vaults_room_stairs_pillars, layout_vaults_quadrants
Vaults:4: nicolae_vaults_inception_scallops, nicolae_vaults_angled_halls,
          minmay_orc_keep, nicolae_vaults_little_squares_5, dpeg_vaults_waves,
          nicolae_vaults_heart-shaped_vault, vaults_dpeg_ring,
          layout_vaults_chaotic_city
Vaults:5
Depths:1: layout_roguey, nicolae_elyvilon_temple_path, hell_entry, pan_entry,
          xom_confusion_cloud
Depths:2: wad_arrow_thing, layout_basic, pf_coc_iceberg, kennysheep_path_1,
          abyss_entry_small_statue_room, grunt_pan_entry_spiral,
          minmay_staircase_bubble, uniq_sojobo, uniq_bai_suzhen
Depths:3: minmay_tri_box, layout_cave_pools, enter_ziggurat_e, hellmouth_1,
          abyss_entry, basic_altar
Depths:4: evilmike_zot_entry_diamond, layout_gridlike, lightli_too_deep,
          gammafunk_ghost_mausoleum, fedhas_altar_1,
          nicolae_dithmenos_through_a_glass_darkly, grunt_megastairs_2,
          uniq_jory
Zot:1:    layout_basic, regret_index_zotdec_split_disrupt,
          hangedman_zot_wheel_spokes, grunt_ministairs_9,
          st_large_dragon_hoard_1
Zot:2:    grunt_deathspiral_small, layout_concentric_octagons, basic_altar,
          regret_index_zotdec_decaying_vile, uniq_grunn
Zot:3:    grunt_twist_and_shout, layout_cathedral_of_symmetry,
          hangedman_zot_decor_checkerboard, uniq_parghit
Zot:4:    layout_misc_corridors, ebering_ghost_xom,
          regret_index_zotdec_twisting_globes
Zot:5:    layout_basic, grunt_megastairs_5

Skill      XL: |  1  2  3  4  5  6  7  8  9 10 11 12 13 14 15 16 17 18 19 20 21 22 23 24 25 26 27 |
---------------+----------------------------------------------------------------------------------+-----
Short Blades   | 2 3 4 5 6 7 8 10 13 14 15 16 18 | 18.6
Fighting       | 4 5 7 10 12 14 17 19 21 | 21.0
Evocations     | 2 4 6 8 |  8.0
Throwing       | 3 6 8 |  8.0
Dodging        | 5 9 10 11 13 14 17 18 20 22 24 25 | 25.0
Stealth        | 8 10 14 | 14.0
Armour         | 6 7 9 13 14 16 19 20 21 | 21.3

Action                     |  1- 3 |  4- 6 |  7- 9 | 10-12 | 13-15 | 16-18 | 19-21 | 22-24 | 25-27 || total
---------------------------+-------+-------+-------+-------+-------+-------+-------+-------+-------++-------
  Melee: Short sword       |    51 |   466 |   197 |   224 |  1103 |  1299 |  1471 |  1047 |       ||  5858
         Dagger            |    33 |       |   441 |   882 |   349 |       |       |       |       ||  1705
         Rapier            |       |       |       |       |   781 |  1337 |  1519 |  1439 |  1571 ||  6647
         Quick blade       |       |       |       |       |       |       |       |   734 |  1399 ||  2133
         Cutlass           |       |       |       |       |       |       |       |       |  1024 ||  1024
  Throw: Dart              |       |       |    10 |     1 |       |       |       |       |       ||    11
         Throwing net      |       |       |       |     3 |       |     1 |     1 |     5 |     1 ||    11
         Boomerang         |       |       |       |     1 |       |     1 |     3 |       |       ||     5
 Invoke: Heavenly Storm    |       |       |       |       |       |     4 |     4 |     3 |     4 ||    15
Ability: Lunge             |       |       |       |    40 |   125 |   199 |   186 |   198 |   159 ||   907
         Whirlwind         |       |       |       |    19 |    99 |   196 |   247 |   236 |   231 ||  1028
         Invent Gizmo      |       |       |       |       |     1 |       |       |       |       ||     1
  Evoke: Wand              |       |       |     8 |    11 |    15 |     6 |     4 |     3 |     5 ||    52
         Phantom mirror    |       |       |       |       |       |       |       |     1 |       ||     1
         Box of beasts     |       |       |       |       |       |       |       |       |     1 ||     1
    Use: Scroll            |     1 |     3 |     4 |     8 |    13 |    13 |     3 |    13 |    22 ||    80
         Potion            |       |     4 |       |     1 |     4 |     8 |     6 |    11 |    29 ||    63
   Stab: Sleeping          |     5 |     7 |     6 |    10 |    48 |    47 |    43 |    40 |    47 ||   253
         Distracted        |       |       |     1 |     3 |     6 |     9 |     5 |     6 |    14 ||    44
         Paralysed         |       |       |       |     3 |     1 |     1 |       |       |       ||     5
         Held in net/web   |       |       |       |     3 |       |       |     1 |     8 |       ||    12
         Invisible         |       |       |       |       |    26 |    12 |    10 |     2 |     1 ||    51
         Fleeing           |       |       |       |       |       |     1 |     2 |     1 |       ||     4
         Confused          |       |       |       |       |       |       |       |     1 |       ||     1
 Armour: Leather armour    |    14 |       |       |       |       |       |       |       |       ||    14
         Ring mail         |       |   117 |   142 |   197 |   342 |   302 |   297 |   305 |   406 ||  2108
  Dodge: Dodged            |    17 |    89 |    98 |   192 |   491 |   530 |   611 |   660 |   894 ||  3582
         Repelled          |       |       |     5 |     6 |     5 |       |       |       |       ||    16

Table legend: (Time is in decaauts)
 A = Elapsed time spent in this place.
 B = Non-inter-level travel time spent in this place.
 C = Inter-level travel time spent in this place.
 D = Time resting spent in this place.
 E = Time spent auto-exploring this place.
 F = Levels seen in this place.
 G = Mean time per level.
                   A        B        C        D        E       F      G
               +--------+--------+--------+--------+--------+-----+--------+
         Total |  64507 |  59122 |   5385 |   7033 |  38161 |  57 | 1131.7 |
       Dungeon |  18802 |  16052 |   2750 |   1827 |  10675 |  15 | 1253.5 |
        Temple |     18 |     18 |      0 |      0 |     17 |   1 |   18.0 |
          Lair |   9601 |   8551 |   1050 |   1777 |   5219 |   5 | 1920.2 |
        Shoals |   4257 |   4129 |    128 |    730 |   2455 |   4 | 1064.2 |
     Snake Pit |   3881 |   3610 |    271 |    278 |   2460 |   4 |  970.2 |
    Slime Pits |    594 |    594 |      0 |      0 |      0 |   5 |  118.8 |
  Orcish Mines |   1288 |   1080 |    208 |      0 |    871 |   2 |  644.0 |
   Elven Halls |   3620 |   3404 |    216 |    350 |   2174 |   3 | 1206.7 |
        Vaults |   9624 |   9336 |    288 |    204 |   6930 |   5 | 1924.8 |
        Depths |   5435 |   5117 |    318 |    554 |   3286 |   4 | 1358.8 |
           Zot |   6483 |   6333 |    150 |   1289 |   4010 |   5 | 1296.6 |
         Abyss |    377 |    377 |      0 |      0 |      0 |   3 |  125.7 |
      Gauntlet |    522 |    522 |      0 |     24 |     62 |   1 |  522.0 |
               +--------+--------+--------+--------+--------+-----+--------+

Top non-repeatable levels by time:
  Lair:4: 2775 daAuts
Vaults:4: 2738 daAuts
Vaults:3: 2301 daAuts
   Zot:2: 2226 daAuts
     D:6: 2112 daAuts
     D:2: 2061 daAuts
   Zot:3: 1985 daAuts
Vaults:1: 1954 daAuts
    D:11: 1854 daAuts
  Lair:3: 1850 daAuts
Depths:4: 1798 daAuts
    D:10: 1741 daAuts
  Lair:1: 1723 daAuts
  Lair:5: 1720 daAuts
  Lair:2: 1531 daAuts
